cohdb
Replays
Latest Replays
All Replays
Popular Replays
Top Player Replays
Match Explorer
How It Works
Community
CoH3 Stats
Reddit
Sign in to upload your games and track your stats! →
Sign in with Steam
Match 39215695
Unlisted
Match 39215695
Overview
Messages
Build Orders
End
Kettenkrad Recon Vehicle
Construct Infanterie Kompanie
Selects Mechanized Battlegroup
Grenadier Squad
Grenadier Squad
MG 42 Machine Gun Team
Construct Panzergrenadier Kompanie
Panzergrenadier Squad
Panzergrenadier Officer Quarters
Construct Panzer Kompanie
Selects Raid Package
Selects 8 Rad Armored Car
8 Rad Armored Car
Medical Station
Pak 40 Anti-tank Gun Team
Selects UNKNOWN (2160084)
Panzer IV Medium Tank
Stoßtruppen Squad
Sturmpanzer IV Brummbär
Panzer Officer Quarters
Selects Spotting Scopes
Selects Wespe Self-propelled Artillery
Selects Zeroing Artillery Barrage
Panzer IV Medium Tank
Side Skirts
Repair Bunker
Zeroing Artillery Barrage
Panzer IV Medium Tank
Panzergrenadier Squad
Panzer IV Medium Tank
BigTiddyLebron
kreumat
Sir_Edward97
Sir_Eldys
0
0
Comments
sign in to comment!
No comments posted yet!